 Dungeon Crawl Stone Soup version 0.23.1 (webtiles) character file.

Game seed: 9133538193661453734

417 Borgoz the Sneak (level 6, -1/50 HPs)
             Began as a Ghoul Enchanter on Mar 3, 2019.
             Killed from afar by an orc wizard (10 damage)
             ... with a puff of flame
             ... on level 4 of the Dungeon.
             The game lasted 00:08:15 (4431 turns).

Borgoz the Sneak (Ghoul Enchanter)                  Turns: 4431, Time: 00:08:17

Health: -1/50      AC:  5    Str: 12    XL:     6   Next: 93%
Magic:  8/8        EV: 12    Int: 10    God:
Gold:   200        SH:  0    Dex: 11    Spells: 3/9 levels left

rFire    . . .     SeeInvis .   a - +2 dagger (venom)
rCold    + . .     Gourm    .   (no shield)
rNeg     + + +     Faith    .   f - +0 leather armour
rPois    ∞         Spirit   .   h - +0 helmet
rElec    .         Reflect  .   (no cloak)
rCorr    .         Harm     .   r - +0 pair of gloves
MR       .....                  (no boots)
Stlth    ++........             (no amulet)
HPRegen  0.00/turn              (no ring)
MPRegen  0.11/turn              (no ring)

@: about to teleport, rotting
A: rotting body, claws 1, carnivore, cold resistance 1, negative energy
resistance 3, inhibited regeneration, torment resistance, unbreathing
a: no special abilities


You were on level 4 of the Dungeon.
You were not hungry.

You visited 1 branch of the dungeon, and saw 4 of its levels.

You collected 200 gold pieces.

Inventory:

Hand Weapons
 a - a +2 dagger of venom (weapon)
 b - a +0 blowgun
Missiles
 c - 8 tomahawks of dispersal (quivered)
 k - 18 poisoned needles
Armour
 f - a +0 leather armour (worn)
 h - a +0 helmet (worn)
 r - a +0 pair of gloves (worn)
Scrolls
 e - 4 scrolls of identify {unknown}
 g - 2 scrolls of fog
 i - 5 scrolls of remove curse
 j - 3 scrolls of amnesia {unknown}
 m - 2 scrolls of teleportation
 o - a scroll of magic mapping {unknown}
 p - a scroll of immolation {unknown}
 t - a scroll of enchant weapon {unknown}
Potions
 l - a potion of heal wounds {unknown}
 n - 3 potions of agility {unknown}
 q - a potion of brilliance
 s - a potion of magic {unknown}
Comestibles
 d - 5 rations


   Skills:
 * Level 2.6 Fighting
 * Level 2.5 Short Blades
 + Level 1.4 Throwing
 * Level 2.3 Armour
 * Level 3.1 Dodging
 + Level 4.0 Stealth
 + Level 2.3 Spellcasting
 + Level 2.9 Hexes


You had 3 spell levels left.
You knew the following spells:

 Your Spells              Type           Power        Failure   Level  Hunger
a - Corona                Hex            #......      12%         1    ##.....
b - Ensorcelled Hibernat  Hex/Ice        #.....       32%         2    ###....
c - Confuse               Hex            #.......     34%         3    ####...

Your spell library contained the following spells:

 Spells                   Type           Power        Failure   Level  Hunger
 Tukima's Dance           Hex            #.......     34%         3    ####...
 Animate Skeleton         Necr           N/A          36%         1    ##.....
 Pain                     Necr           #...         36%         1    ##.....
 Dazzling Spray           Conj/Hex       #.....       54%         3    ####...
 Regeneration             Chrm/Necr      #.........   75%         3    ####...
 Vampiric Draining        Necr           #.........   75%         3    ####...
 Animate Dead             Necr           N/A          98%         4    #####..


Dungeon Overview and Level Annotations

Branches:
Dungeon (4/15)
 Temple: D:4-7

Altars:
Xom
Zin


Innate Abilities, Weirdness & Mutations

Your body is rotting away.
You thrive on raw meat.
You are immune to poison.
You have sharp fingernails.
You are carnivorous and can eat meat at any time.
Your flesh is cold resistant. (rC+)
You are immune to negative energy. (rN+++)
You do not regenerate when monsters are visible.
You are immune to unholy pain and torment.
You can survive without breathing.


Message History

As you read the scroll labeled KONY ANKIOHEGUOHE, it crumbles to dust.
You feel blessed for a moment.
It was a scroll of remove curse.
Something hits you but does no damage.
The orc priest mumbles some strange prayers to Beogh against you.
Beogh smites you!
As you read the scroll labeled PONOCO RUATUNA, it crumbles to dust.
The scroll dissolves into smoke.
It was a scroll of fog.
Something hits you.
As you read the scroll labeled ASOEHUILUD, it crumbles to dust.
You feel strangely unstable.
It was a scroll of teleportation.
Something hits you but does no damage.
You closely miss something. Something hits you but does no damage.
The orc priest looks braver for a moment.
You hit something but do no damage.
The orc priest mumbles some strange prayers to Beogh against you.
Beogh smites you!
* * * LOW HITPOINT WARNING * * *
You hear some strange, mumbled words.
A puff of flame appears from out of thin air!
The puff of flame hits you!
You die...

######### #........
####§....... #§@{o)......
## ###########§##o)......
.####.........§§##........
..#...############........
....##..# #...#######
....#.....# #.###
...##.###.# ###.######
......###.####.......?#
.####......##........?##


You could see 2 orc priests.

Vanquished Creatures
  A phantom (D:4)
  A hound (D:4)
  An orc priest (D:4)
  Terence (D:3)
  Jessica (D:2)
  A worker ant (D:4)
  Robin (D:3)
  8 adders
  2 oozes (D:1)
  2 dart slugs (D:3)
  A leopard gecko (D:3)
  9 orcs
  2 giant cockroaches
  14 goblins
  7 hobgoblins
  9 jackals
  2 quokkas
  10 bats
  3 frilled lizards
  6 kobolds
  9 rats
91 creatures vanquished.

Notes
Turn   | Place    | Note
-------+----------+-------------------------------------------
     0 | D:1      | Borgoz the Ghoul Enchanter began the quest for the Orb.
     0 | D:1      | Reached XP level 1. HP: 14/14 MP: 2/2
   141 | D:1      | Reached skill level 1 in Short Blades
   294 | D:1      | Reached XP level 2. HP: 8/20 MP: 3/3
   518 | D:1      | Learned a level 2 spell: Ensorcelled Hibernation
  1093 | D:1      | Reached skill level 1 in Armour
  1093 | D:1      | Reached XP level 3. HP: 16/25 MP: 4/4
  1348 | D:2      | Found a glowing silver altar of Zin.
  1348 | D:2      | Noticed an angel
  1561 | D:2      | Reached skill level 1 in Fighting
  1849 | D:2      | Found a shimmering altar of Xom.
  1901 | D:2      | Reached XP level 4. HP: 19/35 MP: 5/5
  2067 | D:2      | Noticed Jessica
  2074 | D:2      | Killed Jessica
  2742 | D:3      | Noticed Robin
  2795 | D:2      | Reached XP level 5. HP: 36/40 MP: 7/7
  2891 | D:3      | Killed Robin
  3078 | D:3      | Noticed Terence
  3085 | D:3      | Reached skill level 1 in Throwing
  3106 | D:3      | Killed Terence
  3692 | D:3      | Reached XP level 6. HP: 48/48 MP: 8/8
  3838 | D:4      | Noticed a phantom
  3866 | D:4      | Learned a level 3 spell: Confuse
  4297 | D:4      | Killed a phantom
  4297 | D:4      | Reached skill level 4 in Stealth
  4431 | D:4      | Killed from afar by an orc wizard

Skill      XL: |  1  2  3  4  5  6 |
---------------+-------------------+-----
Short Blades   | 1 2 |  2.5
Dodging        | 2 3 |  3.1
Armour         | 1 2 |  2.3
Fighting       | 1 2 |  2.6
Spellcasting   | 2 |  2.3
Throwing       | 1 |  1.4
Stealth        | 4 |  4.0
Hexes          | |  2.9

Action                   |  1- 3 |  4- 6 || total
-------------------------+-------+-------++-------
Melee: Dagger            |   161 |   236 ||   397
 Cast: Ensorcelled Hiber |     1 |       ||     1
       Corona            |       |     8 ||     8
       Confuse           |       |     4 ||     4
  Use: Scroll            |       |     3 ||     3
       Potion            |       |     1 ||     1
 Stab: Sleeping          |     3 |     8 ||    11
  Eat: Chunk             |    10 |    18 ||    28
Armor: Robe              |     3 |       ||     3
       Leather armour    |    40 |    42 ||    82
Dodge: Dodged            |    90 |   132 ||   222
